 Dungeon Crawl Stone Soup version 0.30-a0-377-g5cb311bc9f (webtiles) character file.

Game seed: 8195557159830998807

35957 MackTheKnife the Markskobold (level 14, 0/85 HPs)
             Began as a Kobold Delver on Nov 28, 2022.
             Was a High Priest of Hepliaklqana.
             Succumbed to their own poison gas
             ... on level 5 of the Lair of Beasts.
             The game lasted 00:29:48 (18077 turns).

MackTheKnife the Markskobold (Kobold Delver)       Turns: 18077, Time: 00:29:48

Health: 0/85       AC: 26    Str: 10    XL:     14   Next: 21%
Magic:  14/14      EV: 17    Int: 11    God:    Hepliaklqana [*****.]
Gold:   1135       SH:  9    Dex: 21    Spells: 13/13 levels left

rFire   . . .      SeeInvis +    b - +2 shortbow (flame) {bow}
rCold   . . .      Faith    .    (shield currently unavailable)
rNeg    + . .      Spirit   .    e - +1 pearl dragon scales {rare=g}
rPois   .          Reflect  +    i - +2 helmet {SInv}
rElec   .          Harm     .    M - +0 cloak
rCorr   .          Rampage  .    t - +0 pair of gloves
Will    +....                    (no boots)
Stlth   +++++.....               B - amulet of reflection
HPRegen 0.34/turn                w - +4 ring of protection
MPRegen 0.14/turn                D - +4 ring of protection

@: lethally poisoned (0 -> -40), about to teleport
A: reduced essence, small, no large weapons, nightstalker 3, claws 1, iridescent
scales 1, large bone plates 1
a: Renounce Religion, Recall Ancestor, Ancestor Identity, Transference, Idealise


You were on level 5 of the Lair of Beasts.
You worshipped Hepliaklqana.
Hepliaklqana was extremely pleased with you.
You visited 3 branches of the dungeon, and saw 17 of its levels.
You also visited: Bailey.

You collected 1135 gold pieces.


Innate Abilities, Weirdness & Mutations

Your life essence is reduced to manifest your ancestor. (-10% HP)
You are small and have problems with some larger weapons.
You are completely attuned to the shadows.
You have sharp fingernails.
You are partially covered in iridescent scales. (AC +2)
You are partially covered in large bone plates. (SH +4)


   Skills:
 + Level 13.7 Fighting
 - Level 8.5 Short Blades
 - Level 1.7 Maces & Flails
 - Level 16.1 Ranged Weapons
 + Level 14.4 Dodging
 - Level 13.0 Stealth


You had 13 spell levels left.
You didn't know any spells.
Your spell library contained the following spells:

 Spells                   Type           Power      Damage    Failure   Level
 Apportation              Tloc           0%         N/A       98%         1
 Blink                    Tloc           0%         N/A       99%         2
 Cigotuvi's Dreadful Rot  Necr/Pois/Air  0%         N/A       99%         2
 Ensorcelled Hibernation  Hex/Ice        0%         N/A       99%         2
 Momentum Strike          Conj/Tloc      0%         3d8       99%         2
 Poisonous Vapours        Pois/Air       0%         N/A       99%         2
 Static Discharge         Conj/Air       0%         2-2/arc   99%         2
 Gell's Gravitas          Tloc           0%         N/A       100%        3
 Inner Flame              Hex/Fire       0%         N/A       100%        3
 Lesser Beckoning         Tloc           0%         N/A       100%        3
 Mephitic Cloud           Conj/Pois/Air  0%         N/A       100%        3
 Spider Form              Tmut/Pois      0%         N/A       100%        3
 Teleport Other           Tloc           0%         N/A       100%        3
 Vhi's Electric Charge    Tloc/Air       0%         N/A       100%        3
 Anguish                  Hex/Necr       0%         N/A       100%        4
 Cause Fear               Hex            0%         N/A       100%        4
 Dispel Undead            Necr           0%         3d6       100%        4
 Petrify                  Tmut/Erth      0%         N/A       100%        4
 Alistair's Intoxication  Tmut/Pois      0%         N/A       100%        5
 Arcjolt                  Conj/Air       0%         1d10      100%        5
 Fireball                 Conj/Fire      0%         3d3       100%        5
 Iskenderun's Battlesphe  Conj           0%         2d6       100%        5
 Lightning Bolt           Conj/Air       0%         1d11      100%        5
 Metabolic Englaciation   Hex/Ice        0%         N/A       100%        5
 Conjure Ball Lightning   Conj/Air       0%         3x3d6     100%        6
 Death Channel            Necr           0%         N/A       100%        6
 Statue Form              Tmut/Erth      0%         N/A       100%        6
 Orb of Destruction       Conj           0%         9d5       100%        7
 Discord                  Hex            0%         N/A       100%        8

Inventory:

Hand Weapons
 b - a +2 shortbow of flaming (weapon) {bow}
   (You took it off a centaur on level 7 of the Dungeon)
 j - a +4 dagger {short}
   (You took it off a kobold on level 8 of the Dungeon)
Armour
 a - a +0 leather armour
   (You found it on level 4 of the Lair of Beasts)
 e - +1 pearl dragon scales (worn) {rare=g}
   (You found it on level 1 of the Lair of Beasts)
 i - a +2 helmet of see invisible (worn)
   (You acquired it on level 9 of the Dungeon)
 t - a +0 pair of gloves (worn)
   (You found it on level 1 of the Dungeon)
 M - a +0 cloak (worn)
   (You found it on level 4 of the Dungeon)
Jewellery
 k - a ring of magical power
   (You found it on level 8 of the Dungeon)
 p - an amulet of regeneration {@e2}
   (You found it on level 10 of the Dungeon)
 w - a +4 ring of protection (left hand)
   (You found it on level 1 of the Dungeon)
 y - a ring of positive energy
   (You found it on level 2 of the Dungeon)
 B - an amulet of reflection (around neck)
   (You found it on level 3 of the Dungeon)
 D - a +4 ring of protection (right hand)
   (You found it on level 3 of the Lair of Beasts)
 T - an amulet of faith {!P}
   (You found it on level 6 of the Dungeon)
Wands
 g - a wand of digging (7)
 h - a wand of paralysis (11)
   (You found it on level 5 of the Dungeon)
 l - a wand of polymorph (4)
   (You took it off a centaur on level 9 of the Dungeon)
 n - a wand of roots (24)
   (You took it off Terence on level 2 of the Dungeon)
 s - a wand of mindburst (5)
   (You found it on level 1 of the Lair of Beasts)
 N - a wand of flame (60)
   (You found it on level 5 of the Dungeon)
Scrolls
 c - a scroll of fog
 d - 5 scrolls of magic mapping {!r}
 q - 4 scrolls of teleportation {@r4}
 r - 3 scrolls of butterflies
 u - 2 scrolls of vulnerability {!r!r}
 x - 5 scrolls of blinking {!r}
 F - a scroll of poison {!r}
 I - a scroll of amnesia
 K - a scroll of enchant weapon
Potions
 f - 7 potions of haste {@q3}
 m - a potion of magic
 o - 5 potions of flight
 v - 12 potions of heal wounds {@q2}
 z - 4 potions of curing {@q1}
 A - 4 potions of might
 C - 2 potions of brilliance
 E - 5 potions of mutation {!q}
 H - a potion of resistance
 J - a potion of cancellation
 L - a potion of berserk rage {!q}
 P - a potion of ambrosia
 U - 2 potions of lignification {!q}
Miscellaneous
 G - a condenser vane (inert)
   (You found it on level 3 of the Lair of Beasts)

Dungeon Overview and Level Annotations

Branches:
Dungeon (11/15) Zot: 25917  Temple (1/1) D:6 Zot: 5920    Lair (5/5) D:10 Zot: 24459
 Shoals (0/4) Lair:2        Snake (0/4) Lair:3        Slime (0/5) Lair:4
    Orc (0/2) D:9          Bailey (visited)

Altars:
Ashenzari
Cheibriados
Dithmenos
Elyvilon
Fedhas
Gozag
Hepliaklqana
Kikubaaqudgha
Makhleb
Nemelex Xobeh
Okawaru
Qazlal
Ru
Sif Muna
Trog
Uskayaw
Vehumet
Wu Jian
Xom
Yredelemnul
Zin
The Shining One

Annotations:
Lair:4 1 runed translucent door

##.#........# ####Y. ##...
#P.#....<..## ##.P#.###. ##..
##.........# ##...#..... ###
#..........# #§§§...#... #
##.#.......####§§§.......
##..#.......##§§§Y..#...#
#....P......##§Y###.#...#
#..#P.....###☼§§§§§.######
###.........##P☼@#§☼.####.## ###
#...#....#...#§☼§#...#....P# ##.#
#............##§§#####.....###..#
#...........###.....##.....##....
#.......##### #.÷....#.....##P...
.....<..#.# ###.#.......÷.###..#P
.........## #.###...#.#..÷##.....
#...#.....# #.# #.......#...P...#
#.....P...###.#####.P#...#.....P.


You could see a dire elephant (very poisoned).


Message History

Louis hits Urug but does no damage.
Louis drains Urug.
You shoot an arrow. The arrow hits Urug!!
The arrow burns Urug!
Louis gestures at Urug while chanting.
Urug resists with some effort.
Urug hits you but does no damage.
You shoot an arrow. The arrow hits Urug.
The arrow burns Urug.
A nearby fungus withers and dies.
Louis closely misses Urug.
Urug hits you with a +7 scimitar!
Louis hits Urug with a +0 dagger of draining.
Louis drains Urug. 😕 HP[-13]
You take 13 damage, and now have 72/85 hp.
You shoot an arrow. The arrow barely misses Urug.
Louis hits Urug with a +0 dagger of draining!
Urug hits Louis with a +7 scimitar!
Louis barely misses Urug.
You shoot an arrow. The arrow hits Urug.
The arrow burns Urug.
Louis completely misses Urug.
You block Urug's attack.
Louis hits Urug with a +0 dagger of draining.
Louis drains Urug. 😕 HP[+1]
You shoot an arrow. The arrow closely misses Urug.
Louis hits Urug with a +0 dagger of draining.
Louis drains Urug.
Urug completely misses you.
Louis hits Urug with a +0 dagger of draining.
Urug dies!
No target in view!
No target in view!
Items here: ( ) [ †.
Key pressed, stopping explore.
Key pressed, stopping explore.
The dire elephant trumpets!
You hear a bellow!
A death yak comes into view. 😎 HP[+12]
Your hp is fully restored (85).
You swap places.
The dire elephant tramples Louis!!
Louis is shoved backwards!
Louis hits the dire elephant but does no damage.
Louis hits the dire elephant with a +0 dagger of draining.
Really read
F - 2 scrolls of poison {!r}? [Y]es or [N]o only, please.
Really read
F - 2 scrolls of poison {!r}?
Really read the scroll of poison?
The air fills with toxic fumes!
As you read the scroll of poison {!r}, it crumbles to dust.
Louis hits the dire elephant with a +0 dagger of draining!
Louis hits the dire elephant with a +0 dagger of draining.
You shoot an arrow.
The arrow barely misses the dire elephant.
Louis points at the dire elephant and mumbles some strange words.
The dire elephant resists with almost no effort.
The dire elephant is engulfed in poison gas.
The dire elephant is poisoned.
The death yak is engulfed in poison gas.
The death yak is poisoned.
The death yak gores Louis!!
You shoot an arrow. The arrow hits the dire elephant.
The arrow burns the dire elephant.
The death yak is engulfed in poison gas.
The death yak looks even sicker.
The dire elephant is engulfed in poison gas.
The dire elephant looks even sicker.
The dire elephant tramples you!!
You stumble backwards! 😮 HP[-27]
You take 27 damage, and now have 58/85 hp.
MASSIVE DAMAGE!! (PAUSE) Unknown command.
Fire: b) +2 shortbow (flame) {bow}
Press: ? - help, Q - select action, (/) - cycle Shift-Dir - straight line, f/p - dire elephant
Aim: a dire elephant (moderately wounded, very poisoned, ally target, 93% to hit)
You shoot an arrow. The arrow hits the dire elephant.
The arrow burns the dire elephant.
You are engulfed in poison gas.
You are poisoned.
You feel very sick.
Louis casts a spell at the dire elephant.
The dire elephant resists with almost no effort.
The death yak gores Louis!!
Louis is destroyed!
The dire elephant closely misses you.
The dire elephant barely misses you. 😮 HP[-13]
You take 13 damage, and now have 45/85 hp.
Unknown command.
As you read the scroll of teleportation {@r4}, it crumbles to dust.
You feel strangely unstable.
You are engulfed in poison gas.
You are more poisoned.
* * * LOW HITPOINT WARNING * * *
x2 You feel extremely sick.
The dire elephant tramples you.
* * * LOW HITPOINT WARNING * * *
You hold your ground!
The dire elephant closely misses you. 😱 HP[-24]
You take 24 damage, and now have 21/85 hp.
MASSIVE DAMAGE!! (PAUSE) Unknown command.
The dire elephant attacks as you move away!
The dire elephant closely misses you. The dire elephant trunk-slaps you.
* * * LOW HITPOINT WARNING * * *
You are engulfed in poison gas.
You are more poisoned.
* * * LOW HITPOINT WARNING * * *
You die...

Skill      XL: |  1  2  3  4  5  6  7  8  9 10 11 12 13 14 |
---------------+-------------------------------------------+-----
Fighting       | 4 7 10 13 | 13.7
Short Blades   | 2 4 5 7 8 |  8.5
Stealth        | 8 10 13 | 13.0
Ranged Weapons | 3 5 9 14 16 | 16.1
Dodging        | 6 10 13 14 | 14.4
Maces & Flails | |  1.7

Action                   |  1- 3 |  4- 6 |  7- 9 | 10-12 | 13-15 || total
-------------------------+-------+-------+-------+-------+-------++-------
Melee: Mace              |    66 |       |       |       |       ||    66
       Dagger            |     2 |   222 |   258 |   156 |       ||   638
       Punch             |       |     6 |     4 |     2 |       ||    12
 Fire: Sling             |       |       |     2 |       |       ||     2
       Shortbow          |       |       |       |   512 |   362 ||   874
Invok: Ancestor Identity |       |       |       |     1 |       ||     1
       Ancestor Life: He |       |       |       |     1 |       ||     1
Evoke: Wand              |     2 |       |    10 |       |       ||    12
       Condenser vane    |       |       |       |       |     1 ||     1
  Use: Scroll            |       |       |     8 |    17 |     8 ||    33
       Potion            |       |       |     1 |     3 |     2 ||     6
 Stab: Sleeping          |     3 |    37 |    18 |    10 |       ||    68
       Paralysed         |     1 |       |     4 |       |       ||     5
       Distracted        |     1 |       |       |       |       ||     1
Armor: Leather armour    |    19 |    41 |    43 |       |       ||   103
       Steam dragon scal |       |       |       |   104 |       ||   104
       Skin              |       |       |       |     7 |       ||     7
       Pearl dragon scal |       |       |       |    24 |    84 ||   108
Dodge: Dodged            |    70 |    95 |    94 |   222 |   172 ||   653
Block: Other             |       |    13 |    41 |   150 |   107 ||   311
       Reflection        |       |       |     1 |    10 |       ||    11

Levels and vault maps discovered:
D:1:      dpeg_arrival_pond, layout_basic, serial_rivers,
          chequers_serial_rivers_marsh, chequers_serial_rivers_small_b,
          chequers_serial_rivers_small_a, chequers_serial_rivers_small_3,
          dreamdust_ecumenical_altar_grove, supply_closet_lemuel,
          minmay_pentomino_t2
D:2:      minmay_skewed_foursquare, layout_basic, basic_altar, uniq_terence
D:3:      layout_basic, glass_columns_b
D:4:      layout_layer_cave
D:5:      layout_loops_cross, nemelex_xobeh_ov_fountains_minmay
D:6:      layout_loops_ring, makhleb_altar_promises_db,
          minmay_temple_entry_ruins
D:7:      layout_loops_cross, marbit_many_paths, enter_bailey_5, uniq_maggie
D:8:      layout_cave_pools
D:9:      layout_cave_pools, mainiacjoe_overflow_alcove_1, orc_david_3,
          kennysheep_small_spiral
D:10:     layout_rooms, nicolae_overflow_crystal_walls, dpeg_lair_monsters,
          hangedman_decor_diamond_cutter, moated_statue
D:11:     layout_basic, uniq_sonja
Temple:   hellmonk_temple_divided_pantheon
Lair:1:   minmay_lair_venomous_thicket, layout_chaotic_city
Lair:2:   layout_concentric_octagons, minmay_shoals_entry_beasts, worms_lemuel
Lair:3:   layout_chaotic_city, minmay_snake_entry_six_corridors,
          eino_small_chamber_without_monster, uniq_amaemon
Lair:4:   layout_gridlike, slime_entry_2, st_stairs_3
Lair:5:   hangedman_lair_in_review, layout_loops_ring, uniq_urug

Notes
Turn   | Place    | Note
-------+----------+-------------------------------------------
     0 | D:5      | MackTheKnife the Kobold Delver began the quest for the Orb.
     0 | D:5      | Reached XP level 1. HP: 14/14 MP: 1/1
     0 | D:5      | magus.rc [v1.9.6]
    18 | D:5      | Noticed a scorpion
   287 | D:2      | Found a glowing silver altar of Zin.
   297 | D:2      | Reached XP level 2. HP: 20/20 MP: 2/2
   346 | D:2      | Reached skill level 4 in Fighting
   479 | D:2      | Reached XP level 3. HP: 16/24 MP: 3/3
   532 | D:2      | Noticed Terence
   537 | D:2      | Killed Terence
   538 | D:2      | Reached skill level 2 in Short Blades
   579 | D:2      | Reached XP level 4. HP: 28/30 MP: 4/4
   816 | D:1      | Reached skill level 3 in Short Blades
  1386 | D:1      | Found a faded altar of an unknown god.
  1425 | D:1      | Reached skill level 4 in Short Blades
  1715 | D:1      | Reached XP level 5. HP: 34/34 MP: 5/5
  2108 | D:2      | You pick up a book of Spatial Translocations and begin
                  | reading...
  2108 | D:2      | You add the spells Blink, Momentum Strike and Lesser
                  | Beckoning to your library.
  2154 | D:2      | Reached skill level 5 in Short Blades
  2725 | D:3      | Reached XP level 6. HP: 11/39 MP: 6/6
  2732 | D:2      | Reached skill level 6 in Short Blades
  3475 | D:4      | Reached skill level 7 in Short Blades
  4544 | D:5      | You pick up a book of Displacement and begin reading...
  4544 | D:5      | You add the spells Gell's Gravitas and Teleport Other to
                  | your library.
  4584 | D:5      | Reached XP level 7. HP: 44/44 MP: 7/7
  4594 | D:5      | Reached skill level 7 in Stealth
  4612 | D:5      | Found a sparkling altar of Nemelex Xobeh.
  4696 | D:5      | Reached skill level 8 in Short Blades
  5050 | D:5      | Reached skill level 8 in Stealth
  5308 | D:6      | Reached skill level 3 in Ranged Weapons
  5308 | D:6      | Reached XP level 8. HP: 48/48 MP: 8/8
  5382 | D:6      | Found a burning altar of Makhleb.
  5384 | D:6      | Noticed a balrug
  5385 | D:6      | Noticed a ynoxinul
  5420 | D:6      | Reached skill level 4 in Ranged Weapons
  5462 | D:6      | Reached skill level 5 in Ranged Weapons
  5810 | D:6      | Found a staircase to the Ecumenical Temple.
  5816 | Temple   | Entered the Ecumenical Temple
  5819 | Temple   | Found a transporter.
  5819 | Temple   | Found a transporter.
  5821 | Temple   | Found a transporter.
  5821 | Temple   | Found a transporter.
  5882 | Temple   | Became a worshipper of Hepliaklqana the Forgotten
  6131 | D:6      | Reached skill level 9 in Stealth
  6476 | D:7      | Found a flagged portal.
  6517 | Bailey   | Entered a bailey
  6522 | Bailey   | Noticed a human
  6545 | Bailey   | Killed a human
  6546 | Bailey   | Reached skill level 10 in Stealth
  6605 | Bailey   | Reached XP level 9. HP: 43/52 MP: 9/9
  6617 | Bailey   | Reached skill level 11 in Stealth
  6752 | Bailey   | Reached skill level 12 in Stealth
  6855 | Bailey   | Gained mutation: You are partially covered in large bone
                  | plates. (SH +4) [potion of mutation]
  6855 | Bailey   | Gained mutation: You have sharp fingernails. [potion of
                  | mutation]
  6855 | Bailey   | Gained mutation: You are partially covered in iridescent
                  | scales. (AC +2) [potion of mutation]
  6872 | Bailey   | Reached skill level 13 in Stealth
  6882 | Bailey   | Reached skill level 6 in Ranged Weapons
  6924 | Bailey   | Reached skill level 7 in Ranged Weapons
  6925 | Bailey   | Noticed Prince Ribbit
  6929 | Bailey   | Killed Prince Ribbit
  6930 | Bailey   | Reached skill level 8 in Ranged Weapons
  6934 | Bailey   | Noticed a vault guard
  7258 | D:7      | Noticed Maggie
  7262 | D:7      | Killed Maggie
  7263 | D:7      | Reached skill level 9 in Ranged Weapons
  7263 | D:7      | Reached XP level 10. HP: 58/58 MP: 10/10
  7363 | D:7      | Reached skill level 10 in Ranged Weapons
  7466 | D:7      | Reached * piety under Hepliaklqana
  7470 | D:7      | You pick up a book of Vapours and begin reading...
  7470 | D:7      | You add the spells Poisonous Vapours, Cigotuvi's Dreadful
                  | Rot and Mephitic Cloud to your library.
  7665 | D:7      | Found a shimmering altar of Xom.
  7871 | D:8      | Reached skill level 11 in Ranged Weapons
  8039 | D:8      | Reached skill level 12 in Ranged Weapons
  8617 | D:9      | Found a staircase to the Orcish Mines.
  8672 | D:9      | Reached skill level 13 in Ranged Weapons
  8734 | D:9      | HP: 13/52 [poisoned by a killer bee]
  9076 | D:9      | Reached skill level 14 in Ranged Weapons
  9102 | D:9      | Noticed a kobold demonologist
  9108 | D:9      | Noticed a rust devil
  9115 | D:9      | Killed a kobold demonologist
  9124 | D:9      | Reached XP level 11. HP: 18/55 MP: 11/11
  9142 | D:9      | HP: 13/55 [poisoned by a killer bee]
  9308 | D:8      | HP: 12/55 [poisoned by a killer bee]
  9312 | D:8      | HP: 4/55 [poisoned by a killer bee]
  9645 | D:9      | Reached skill level 15 in Ranged Weapons
  9772 | D:9      | Found a blossoming altar of Fedhas.
  9776 | D:9      | You pick up a book of Lightning and begin reading...
  9776 | D:9      | You add the spells Static Discharge, Vhi's Electric Charge,
                  | Lightning Bolt and Arcjolt to your library.
 10038 | D:9      | Reached ** piety under Hepliaklqana
 10039 | D:9      | Remembered your ancestor Louis as a hexer
 10287 | D:10     | Entered Level 10 of the Dungeon
 10510 | D:9      | Identified a scroll of acquirement
 10510 | D:9      | Acquired a +2 helmet of see invisible
 10657 | D:10     | Reached skill level 16 in Ranged Weapons
 10873 | D:10     | Noticed a two-headed ogre
 10884 | D:10     | Killed a two-headed ogre
 10885 | D:10     | Reached skill level 5 in Fighting
 10885 | D:10     | Reached skill level 3 in Dodging
 10895 | D:10     | Found a bloodstained altar of Trog.
 11069 | D:10     | Reached skill level 4 in Dodging
 11131 | D:10     | You pick up a book of Dreams and begin reading...
 11131 | D:10     | You add the spells Ensorcelled Hibernation, Spider Form and
                  | Anguish to your library.
 11150 | D:10     | Noticed a death yak
 11154 | D:10     | Noticed a death yak
 11154 | D:10     | Noticed a death yak
 11158 | D:10     | Killed a death yak
 11231 | D:10     | Killed a death yak
 11232 | D:10     | Reached skill level 6 in Fighting
 11232 | D:10     | Reached skill level 5 in Dodging
 11317 | D:10     | Found a staircase to the Lair.
 11335 | D:10     | Killed a death yak
 11336 | D:10     | Reached skill level 6 in Dodging
 11426 | D:10     | You pick up a book of Sloth and begin reading...
 11426 | D:10     | You add the spells Petrify, Metabolic Englaciation and
                  | Statue Form to your library.
 11513 | D:11     | Reached skill level 7 in Fighting
 11541 | D:11     | You pick up a book of Party Tricks and begin reading...
 11541 | D:11     | You add the spells Apportation and Alistair's Intoxication
                  | to your library.
 11568 | D:11     | Reached XP level 12. HP: 63/64 MP: 12/12
 11568 | D:11     | Noticed a two-headed ogre
 11572 | D:11     | Killed a two-headed ogre
 11573 | D:11     | Reached skill level 7 in Dodging
 11788 | D:11     | Reached skill level 8 in Fighting
 11834 | D:11     | Noticed Sonja
 11842 | D:11     | Killed Sonja
 11952 | D:11     | Reached skill level 8 in Dodging
 12585 | Lair:1   | Entered Level 1 of the Lair of Beasts
 12593 | Lair:1   | Identified +0 pearl dragon scales
 12594 | Lair:1   | e - +0 pearl dragon scales {rare=g}
 12644 | Lair:1   | You finish putting on your +0 pearl dragon scales {rare=g}.
 12667 | Lair:1   | Reached skill level 9 in Fighting
 12779 | Lair:1   | Reached *** piety under Hepliaklqana
 12839 | Lair:1   | Reached skill level 9 in Dodging
 12977 | Lair:1   | You pick up a book of the Spheres and begin reading...
 12977 | Lair:1   | You add the spells Iskenderun's Battlesphere, Fireball,
                  | Conjure Ball Lightning and Orb of Destruction to your
                  | library.
 13136 | Lair:1   | Reached skill level 10 in Fighting
 13136 | Lair:1   | Reached skill level 10 in Dodging
 13586 | Lair:1   | your +0 pearl dragon scales {rare=g} glow green for a
                  | moment.
 13964 | Lair:2   | Found a staircase to the Shoals.
 14051 | Lair:2   | Reached XP level 13. HP: 65/74 MP: 13/13
 14578 | Lair:2   | Reached **** piety under Hepliaklqana
 14682 | Lair:2   | Reached skill level 11 in Dodging
 14826 | Lair:3   | You pick up a book of Decay and begin reading...
 14826 | Lair:3   | You add the spells Dispel Undead and Death Channel to your
                  | library.
 14891 | Lair:3   | Noticed a seven-headed hydra
 14894 | Lair:3   | Killed a seven-headed hydra
 14895 | Lair:3   | Reached skill level 11 in Fighting
 14898 | Lair:3   | You pick up a book of Hexes and begin reading...
 14898 | Lair:3   | You add the spells Inner Flame, Cause Fear and Discord to
                  | your library.
 15052 | Lair:3   | HP: 18/75 [poisoned by a water moccasin]
 15057 | Lair:3   | HP: 12/75 [poisoned by a water moccasin]
 15061 | Lair:3   | HP: 4/75 [poisoned by a water moccasin]
 15290 | Lair:3   | Found a staircase to the Snake Pit.
 15340 | Lair:3   | Reached skill level 12 in Dodging
 15588 | Lair:3   | Noticed Amaemon
 15603 | Lair:3   | Killed Amaemon
 15604 | Lair:3   | Reached skill level 12 in Fighting
 16438 | Lair:4   | Found a runed translucent door.
 16466 | Lair:4   | Reached skill level 13 in Dodging
 16631 | Lair:4   | Reached ***** piety under Hepliaklqana
 16642 | Lair:4   | Found a staircase to the Slime Pits.
 17051 | Lair:5   | Entered Level 5 of the Lair of Beasts
 17349 | Lair:5   | Reached skill level 13 in Fighting
 17508 | Lair:5   | Reached XP level 14. HP: 70/84 MP: 14/14
 17576 | Lair:5   | You pick up a book of Spatial Translocations and begin
                  | reading...
 17698 | Lair:5   | Reached skill level 14 in Dodging
 17800 | Lair:5   | Noticed Urug
 17801 | Lair:5   | Noticed a dire elephant
 18008 | Lair:5   | Killed Urug
 18076 | Lair:5   | HP: 21/85 [dire elephant (6)]
 18077 | Lair:5   | HP: 8/85 [cloud of poison gas (8)]
 18077 | Lair:5   | Succumbed to their own poison gas

Vanquished Creatures
  A death yak (Lair:4)
  2 two-headed ogres
  Sonja (D:11)
  Amaemon (Lair:3)
  3 manticores
  An elephant (Lair:5)
  4 black mambas
  An orange demon (Lair:3)
  7 cane toads
  2 gargoyles
  Maggie (D:7)
  An unseen horror (D:10)
  3 komodo dragons
  A rime drake (Lair:2)
  A troll (D:11)
  A wind drake (Lair:2)
  A hornet (D:9)
  Prince Ribbit (Bailey)
  2 dream sheep (Lair:5)
  7 blink frogs
  A wraith (D:11)
  3 wyverns
  14 yaks
  4 humans (Bailey)
  2 basilisks
  3 steam dragons
  4 vampire mosquitoes (D:11)
  2 swamp worms (Lair:2)
  4 acid dragons
  12 water moccasins
  An ice beast (D:6)
  2 black bears (D:7)
  An orc warrior (Bailey)
  3 sky beasts
  11 wolves
  2 centaurs
  3 kobold brigands
  11 bullfrogs
  2 necrophages
  2 scorpions (D:5)
  5 wights (D:9)
  15 killer bees
  3 howler monkeys
  2 hexers
  4 hounds
  A gnoll bouda (D:6)
  A jelly (D:8)
  Terence (D:2)
  3 iguanas
  6 orc wizards
  15 gnolls
  13 adders
  A shadow imp (D:8)
  4 white imps
  2 ufetubi
  4 worms
  3 dart slugs
  20 orcs
  8 ball pythons
  6 bats
  8 endoplasms
  2 giant cockroaches
  15 goblins
  7 hobgoblins
  11 jackals
  5 quokkas
  4 frilled lizards
  23 kobolds
  6 rats
327 creatures vanquished.

Vanquished Creatures (collateral kills)
  A hydra (Lair:3)
  3 death yaks (D:10)
  Urug (Lair:5)
  An ugly thing (D:11)
  A cyclops (D:11)
  An elephant (Lair:5)
  3 black mambas
  4 cane toads
  2 komodo dragons
  A kobold demonologist (D:9)
  4 rime drakes
  A hornet (Lair:1)
  3 dream sheep (Lair:5)
  4 blink frogs
  14 yaks
  A wyvern (D:8)
  4 water moccasins
  A centaur (D:9)
  A kobold brigand (D:9)
  A necrophage (D:7)
  A bullfrog (Lair:3)
  3 killer bees
  An orc priest (D:9)
  2 orc wizards
  5 orcs
  5 kobolds
69 creatures vanquished.

Vanquished Creatures (others)
  3 ancestors
  10 hexers
  47 fungi
  91 plants
151 creatures vanquished.

Grand Total: 547 creatures vanquished

Table legend:
 A = Non-vault XP
 B = Vault XP
 C = Vault XP percentage of total XP
 D = Non-vault monster count
 E = Vault monster count
 F = Vault count percentage of total count
                 A         B        C        D         E       F
            +---------+---------+-------+---------+---------+-------
      Total |   34824 |   16544 |  32.2 |     315 |      79 |  20.1
            +---------+---------+-------+---------+---------+-------
        D:1 |      57 |       7 |  10.9 |      33 |       4 |  10.8
        D:2 |     110 |      56 |  33.7 |      24 |       4 |  14.3
        D:3 |     119 |       0 |   0.0 |      25 |       0 |   0.0
        D:4 |     114 |       0 |   0.0 |      12 |       0 |   0.0
        D:5 |     435 |       0 |   0.0 |      11 |       0 |   0.0
        D:6 |     759 |       0 |   0.0 |      19 |       0 |   0.0
        D:7 |     658 |     472 |  41.8 |       8 |       6 |  42.9
        D:8 |    1637 |       0 |   0.0 |      30 |       0 |   0.0
        D:9 |    3206 |      12 |   0.4 |      40 |       4 |   9.1
       D:10 |    2103 |    3076 |  59.4 |      15 |       6 |  28.6
       D:11 |    4510 |     785 |  14.8 |      16 |       1 |   5.9
     Lair:1 |    4339 |     967 |  18.2 |      15 |       9 |  37.5
     Lair:2 |    2075 |    1111 |  34.9 |       7 |       4 |  36.4
     Lair:3 |    5247 |    3200 |  37.9 |      24 |      11 |  31.4
     Lair:4 |    2211 |    1227 |  35.7 |       8 |       2 |  20.0
     Lair:5 |    7244 |    3869 |  34.8 |      28 |      10 |  26.3
     Bailey |       0 |    1762 | 100.0 |       0 |      18 | 100.0
            +---------+---------+-------+---------+---------+-------

Illustrated notes

Table legend:
 A = Kills in this place as a percentage of kills in entire the game.
 B = Kills by you in this place as a percentage of kills by you in the entire game.
 C = Kills by friends in this place as a percentage of kills by friends in the entire game.
 D = Other kills in this place as a percentage of other kills in the entire game.
 E = Experience gained in this place as a percentage of experience gained in the entire game.
 F = Experience gained in this place divided by the number of levels of this place that you have seen.
                   A       B       C       D       E      F
               +-------+-------+-------+-------+-------+----------------------
         Total | 100.0 | 100.0 | 100.0 |   N/A | 100.0 | 2853.8
       Dungeon |  65.5 |  70.2 |  43.5 |   N/A |  35.3 | 1646.9
          Lair |  29.9 |  24.3 |  56.5 |   N/A |  61.3 | 6298.0
        Bailey |   4.6 |   5.5 |   0.0 |   N/A |   3.4 | 1762.0
               +-------+-------+-------+-------+-------+----------------------

Table legend: (Time is in decaauts)
 A = Elapsed time spent in this place.
 B = Non-inter-level travel time spent in this place.
 C = Inter-level travel time spent in this place.
 D = Time resting spent in this place.
 E = Time spent auto-exploring this place.
 F = Levels seen in this place.
 G = Mean time per level.
                   A        B        C        D        E       F      G
               +--------+--------+--------+--------+--------+-----+--------+
         Total |  17830 |  17160 |    670 |   2190 |  12141 |  18 |  990.6 |
       Dungeon |  11816 |  11272 |    544 |   1429 |   8007 |  11 | 1074.2 |
        Temple |     79 |     71 |      8 |      0 |      0 |   1 |   79.0 |
          Lair |   5540 |   5422 |    118 |    540 |   4133 |   5 | 1108.0 |
        Bailey |    393 |    393 |      0 |    221 |      0 |   1 |  393.0 |
               +--------+--------+--------+--------+--------+-----+--------+

Top non-repeatable levels by time:
     D:9: 1461 daAuts
  Lair:3: 1371 daAuts
     D:1: 1230 daAuts
     D:2: 1226 daAuts
     D:4: 1220 daAuts
     D:8: 1209 daAuts
  Lair:1: 1129 daAuts
  Lair:2: 1119 daAuts
    D:11: 1073 daAuts
  Lair:4: 1056 daAuts
     D:6: 959 daAuts
     D:7: 904 daAuts
    D:10: 877 daAuts
  Lair:5: 863 daAuts
     D:3: 834 daAuts
